 Dungeon Crawl Stone Soup version 0.28.0 (console) character file.

Game seed: 12893228022969508335

6150 isthmus the Severer (level 10, -3/83 HPs)
             Began as a Hill Orc Monk on Feb 11, 2022.
             Was an Elder of Beogh.
             Slain by an orc warrior (9 damage)
             ... in a bailey.
             The game lasted 00:28:47 (12282 turns).

isthmus the Severer (Hill Orc Monk)                Turns: 12282, Time: 00:28:48

Health: -3/83      AC: 18    Str: 19    XL:     10   Next: 90%
Magic:  15/15      EV: 11    Int: 10    God:    Beogh [****..]
Gold:   401        SH:  0    Dex: 13    Spells: 9/9 levels left

rFire   . . .      SeeInvis .   a - +0 war axe
rCold   . . .      Faith    .   (no shield)
rNeg    . . .      Spirit   .   t - +0 plate armour
rPois   .          Reflect  .   g - +0 helmet
rElec   .          Harm     .   M - +0 cloak
rCorr   .          Rampage  .   F - +0 pair of gloves
Will    .....                   (no boots)
Stlth   ..........              (no amulet)
HPRegen 0.23/turn               m - +4 ring of evasion
MPRegen 0.14/turn               n - ring of flight

@: flying
A: no striking features
a: Renounce Religion, Smiting, Recall Orcish Followers


You were in a bailey.
You worshipped Beogh.
Beogh was greatly pleased with you.
You visited 2 branches of the dungeon, and saw 11 of its levels.
You also visited: Bailey.

You collected 501 gold pieces.
You spent 100 gold pieces at shops.

Inventory:

Hand Weapons
 a - a +0 war axe (weapon)
 p - the +6 dagger of Kismet {vorpal, rF+ Int-3 Dex+4}
   (You found it on level 2 of the Dungeon)

   It inflicts extra damage upon your enemies.
   Int:       It affects your intelligence (-3).
   Dex:       It affects your dexterity (+4).
   rF:        It protects you from fire.
 G - a +1 hand axe of freezing
Missiles
 c - 200 stones
 i - 3 boomerangs (quivered)
 o - 3 curare-tipped darts
 x - 20 poisoned darts
 D - a throwing net
 H - 6 javelins
Armour
 d - a +0 scale mail
 g - a +0 helmet (worn)
 t - a +0 plate armour (worn)
 v - the +2 ring mail of Zyupresang {Will++ Dex+5}
   (You found it on level 4 of the Dungeon)

   Dex:       It affects your dexterity (+5).
   Will:      It greatly increases your willpower.
 y - a +2 hat
 F - a +0 pair of gloves (worn)
 I - a +0 plate armour
 M - a +0 cloak (worn)
Jewellery
 m - a +4 ring of evasion (left hand)
 n - a ring of flight (right hand)
 r - a ring of ice
Wands
 q - a wand of paralysis (15)
 u - a wand of digging (4)
Scrolls
 f - 2 scrolls of teleportation
 s - 3 scrolls of enchant armour {unknown}
 B - 2 scrolls of fog {unknown}
 E - a scroll of enchant weapon
 J - a scroll of vulnerability {unknown}
 K - a scroll of magic mapping {unknown}
Potions
 b - 2 potions of mutation
 e - 4 potions of attraction
 h - a potion of ambrosia
 j - a potion of flight
 k - a potion of lignification
 l - 2 potions of haste
 w - a potion of resistance {unknown}
 z - a potion of invisibility {unknown}
 A - a potion of magic {unknown}
 C - 5 potions of curing
 L - a potion of brilliance {unknown}


   Skills:
 + Level 6.1 Fighting
 * Level 15.6 Axes
 + Level 9.0 Armour
 - Level 2.4 Dodging
 - Level 1.5 Stealth
 + Level 7.4 Invocations


You had 9 spell levels left.
You didn't know any spells.
Your spell library contained the following spells:

 Spells                   Type           Power      Damage    Failure   Level
 Slow                     Hex            0%         N/A       100%        1
 Summon Small Mammal      Summ           0%         N/A       100%        1
 Call Canine Familiar     Summ           0%         N/A       100%        3
 Confusing Touch          Hex            0%         N/A       100%        3
 Gell's Gravitas          Tloc           0%         N/A       100%        3
 Lesser Beckoning         Tloc           0%         N/A       100%        3
 Summon Guardian Golem    Hex/Summ       0%         N/A       100%        3
 Teleport Other           Tloc           0%         N/A       100%        3
 Vampiric Draining        Necr           0%         2d6       100%        3


Dungeon Overview and Level Annotations

Branches:
Dungeon (10/15)            Temple (1/1) D:5          Bailey (1/1)
   Lair: D:8-11         Orc: D:9-12

Altars:
Dithmenos
Elyvilon
Kikubaaqudgha
Makhleb
Nemelex Xobeh
Okawaru
Qazlal
Sif Muna
Trog
Uskayaw
Xom
Yredelemnul
The Shining One
Beogh

Shops:
D:2 :   D:7 !


Message History

The orc warrior barely misses you.
Your orc hits the orc warrior from afar with a +0 spear.
Your orc closely misses the orc warrior.
The orc warrior closely misses you.
Unknown command.
You barely miss the orc warrior.
The orc warrior is heavily wounded.
Your orc hits the orc warrior but does no damage.
Your orc hits the orc warrior from afar with a +0 spear.
Unknown command.
You hit the orc warrior.
The orc warrior is severely wounded.
The orc warrior misses you.
Your orc closely misses the orc warrior.
Unknown command.
You barely miss the orc warrior.
The orc warrior is severely wounded.
Your orc hits the orc warrior from afar with a +0 spear.
The orc warrior hits you with a +0 halberd!
The orc knight hits you from afar with a +0 glaive.
Unknown command.
You closely miss the orc warrior.
The orc warrior is almost dead.
Your orc hits the orc warrior from afar with a +0 spear. x2
You barely miss the orc warrior.
The orc warrior is almost dead.
The orc warrior hits you with a +0 halberd!!
* * * LOW HITPOINT WARNING * * *
The orc knight hits you from afar with a +0 glaive!
* * * LOW HITPOINT WARNING * * *
Your orc misses the orc warrior.
Your orc barely misses the orc warrior.
Unknown command.
Unknown command.
Unknown command.
You swap places.
The orc warrior hits you from afar with a +0 halberd!
* * * LOW HITPOINT WARNING * * *
The orc warrior hits you from afar with a +0 trident!
You die...
Beogh appreciates the orc warrior's killing of a heretic priest.

#.≈≈≈≈o≈≈≈≈≈..## ##..≈≈≈≈≈o≈
#.≈..........## ##.......o
#.≈)#############+## #########
#.≈.##.... ##........ #.$$$.#
#.≈..##...##..≈≈≈.≈≈≈ #.$.##
#.≈≈..##.#+..≈§.....≈ ##.##.
##.≈≈..#+#..≈≈...⌠... #+#o.
#∩.≈≈..# #...§.§⌠∩⌠.. #..
#.≈≈o.## #.o§≈o....≈ ##o
#.≈..## #o§§§≈≈≈≈≈ ## #.≈.##
##@o...... #
#.≈.#########o###+############
#.≈...)..)..o##.....##.ooooooo
#.≈≈≈≈≈≈≈≈≈≈o.##.∩.##o.o≈≈≈≈≈o
#..........≈o.o## ##o.≈≈......
##########..≈≈..###o.≈≈..#####
##..≈≈o)o..≈≈..##
##..≈≈≈≈≈≈≈..## ##.........##
###########


You could see 2 orc warriors and 6 friendly orcs.

Vanquished Creatures
  Pikel (D:7)
  Sigmund (D:6)
  A wyvern (D:7)
  Duvessa (D:5)
  A water moccasin (D:4)
  2 acid dragons (D:9)
  A sky beast (D:8)
  2 ice beasts
  A necrophage (D:5)
  2 centaurs
  Blork the orc (D:5)
  A bullfrog (D:8)
  2 scorpions (D:4)
  2 water moccasin skeletons (D:4)
  Dowan (D:5)
  A howler monkey (D:9)
  5 wights
  An electric eel (D:9)
  A bullfrog zombie (D:5)
  2 centaur zombies
  An orc priest (D:3)
  A gnoll shaman (D:5)
  A jelly (D:6)
  2 iguanas
  4 orc wizards
  A killer bee zombie (D:7)
  Robin (D:2)
  A howler monkey zombie (D:9)
  6 gnolls
  A howler monkey skeleton (D:5)
  8 adders
  An ufetubus (D:5)
  3 worms
  2 dart slugs
  8 orcs
  6 ball pythons
  4 bats
  6 endoplasms
  3 giant cockroaches
  7 hobgoblins
  5 jackals
  4 quokkas
  5 frilled lizards
  20 goblins
  3 kobolds
  9 rats
143 creatures vanquished.

Vanquished Creatures (collateral kills)
  A two-headed ogre (D:9)
  A hornet (D:9)
  A troll (D:9)
  10 yaks (D:9)
  2 steam dragons
  A black bear (D:6)
  2 ice beasts
  An orc warrior (D:7)
  A necrophage (D:6)
  A kobold brigand (D:7)
  2 bullfrogs
  2 gnoll sergeants
  A wyvern zombie (D:5)
  A water moccasin zombie (D:6)
  A scorpion (D:7)
  A water moccasin skeleton (D:5)
  4 wights
  A howler monkey (D:7)
  A bullfrog skeleton (D:6)
  A centaur skeleton (D:6)
  2 hounds (D:5)
  A centaur zombie (D:9)
  2 orc priests
  An iguana (D:6)
  2 orc wizards
  A howler monkey zombie (D:8)
  A gnoll (D:6)
  A white imp (D:7)
  10 orcs
  2 kobolds (D:7)
59 creatures vanquished.

Vanquished Creatures (others)
  Maurice (D:9)
  An orc warrior (D:9)
  An orc wizard (D:9)
  15 orcs
  A kobold (D:3)
  2 plants (D:9)
21 creatures vanquished.

Grand Total: 223 creatures vanquished

Notes
Turn   | Place    | Note
-------+----------+-------------------------------------------
     0 | D:1      | isthmus the Hill Orc Monk began the quest for the Orb.
     0 | D:1      | Reached XP level 1. HP: 19/19 MP: 1/1
   155 | D:1      | Reached XP level 2. HP: 25/26 MP: 2/2
   445 | D:1      | Reached skill level 5 in Axes
   991 | D:1      | Reached XP level 3. HP: 28/31 MP: 3/3
  1443 | D:2      | Found a faded altar of an unknown god.
  1446 | D:2      | Prayed at the altar of an unknown god.
  1446 | D:2      | Became a worshipper of Beogh the Brigand
  1446 | D:2      | Reached * piety under Beogh
  1446 | D:2      | Reached ** piety under Beogh
  2136 | D:2      | Reached skill level 6 in Axes
  2147 | D:2      | Found Jesoes's Book Boutique.
  2204 | D:2      | Identified the +6 dagger of Kismet {vorpal, rF+ Int-3
                  | Dex+4}
  2551 | D:2      | Reached XP level 4. HP: 39/39 MP: 4/4
  2563 | D:2      | Noticed Robin
  2571 | D:2      | Reached *** piety under Beogh
  2593 | D:2      | Killed Robin
  2594 | D:2      | Reached skill level 1 in Armour
  3253 | D:3      | Reached XP level 5. HP: 45/45 MP: 5/5
  3260 | D:3      | Reached skill level 7 in Axes
  4090 | D:4      | Found a glowing golden altar of the Shining One.
  4107 | D:4      | Reached XP level 6. HP: 38/51 MP: 6/6
  4202 | D:4      | Identified the +2 ring mail of Zyupresang {Will++ Dex+5}
  4366 | D:4      | Reached skill level 8 in Axes
  4471 | D:4      | Found a shimmering altar of Xom.
  4473 | D:4      | Found an ancient bone altar of Kikubaaqudgha.
  4574 | D:4      | Found a burning altar of Makhleb.
  4576 | D:4      | Noticed a blizzard demon
  4717 | D:4      | Noticed a moth of wrath
  4720 | D:4      | Found a bloodstained altar of Trog.
  4929 | D:5      | Entered Level 5 of the Dungeon
  4957 | D:5      | Noticed a water moccasin
  4979 | D:4      | Killed a water moccasin
  5180 | D:4      | Reached skill level 9 in Axes
  5180 | D:4      | Reached XP level 7. HP: 53/57 MP: 7/7
  5394 | D:5      | Noticed Duvessa
  5394 | D:5      | Noticed Dowan
  5518 | D:4      | Reached skill level 1 in Invocations
  5710 | D:5      | Killed Duvessa
  5712 | D:5      | Killed Dowan
  5786 | D:5      | Found a shadowy altar of Dithmenos.
  5806 | D:5      | Noticed Blork the orc
  5814 | D:5      | Killed Blork the orc
  5821 | D:5      | Reached **** piety under Beogh
  5822 | D:5      | Reached skill level 10 in Axes
  5914 | D:5      | Reached XP level 8. HP: 64/64 MP: 10/10
  5978 | D:5      | You are sucked into a shaft and drop 2 floors!
  5980 | D:7      | Noticed Pikel
  5987 | D:7      | Killed Pikel
  5988 | D:7      | Reached skill level 5 in Armour
  5988 | D:7      | Reached skill level 5 in Invocations
  5989 | D:7      | Reached skill level 11 in Axes
  6380 | D:7      | Noticed a wyvern
  6390 | D:7      | Killed a wyvern
  6580 | D:7      | Reached skill level 12 in Axes
  6580 | D:7      | Reached XP level 9. HP: 54/70 MP: 12/12
  6663 | D:7      | Found Ruozida's Distillery.
  6667 | D:7      | Bought a potion of curing for 30 gold pieces
  6667 | D:7      | Bought a potion of curing for 30 gold pieces
  6667 | D:7      | Bought a potion of curing for 30 gold pieces
  6667 | D:7      | Bought a potion of degeneration for 10 gold pieces
  7131 | D:6      | Noticed Sigmund
  7133 | D:6      | Killed Sigmund
  7148 | D:6      | Reached skill level 13 in Axes
  7617 | D:5      | Found a sparkling altar of Nemelex Xobeh.
  7868 | D:5      | Found a staircase to the Ecumenical Temple.
  7877 | Temple   | Entered the Ecumenical Temple
  9274 | D:8      | Reached skill level 14 in Axes
  9347 | D:8      | Found a shimmering blue altar of Sif Muna.
  9728 | D:8      | Reached XP level 10. HP: 79/79 MP: 14/14
 10387 | D:9      | Noticed a two-headed ogre
 10393 | D:9      | Killed a two-headed ogre
 10451 | D:9      | Reached skill level 5 in Fighting
 10833 | D:9      | Found a white marble altar of Elyvilon.
 11239 | D:9      | Paralysed by a hornet for 1 turns
 11250 | D:9      | Reached skill level 15 in Axes
 11367 | D:9      | Noticed Maurice
 11372 | D:9      | Killed Maurice
 11989 | D:9      | Found an iron altar of Okawaru.
 11990 | D:9      | Found a hide-covered altar of Uskayaw.
 12079 | D:10     | Entered Level 10 of the Dungeon
 12126 | D:10     | Found a flagged portal.
 12133 | Bailey   | Entered a bailey
 12269 | Bailey   | Noticed an orc knight
 12282 | Bailey   | Slain by an orc warrior

Illustrated notes

Levels and vault maps discovered:
D:1:      psy_arrival_basics, layout_loops_corners, minmay_3d_cube
D:2:      layout_basic, nicolae_ecumenical_oubliette, serial_shops,
          nicolae_shop_waterfront, minmay_fractal_squares_5, uniq_robin
D:3:      layout_loops_cross
D:4:      layout_rooms, makhleb_altar_promises_db,
          chequers_temple_overflow_statue_of_worship, tgw_trog
D:5:      layout_layer_cave, mainiacjoe_overflow_six_doors_small,
          grunt_dithmenos_smoke_and_mirrors, lemuel_temple_firewalk_b,
          minmay_misc_feat_plants, st_stairs_11, uniq_blork_the_orc,
          uniq_duvessa
D:6:      layout_cave_pools, uniq_sigmund
D:7:      layout_basic, serial_shops, nicolae_shop_crystal, uniq_pikel
D:8:      layout_basic, mainiacjoe_overflow_small_starburst
D:9:      nicolae_cairo_tiling_very_big, layout_cave_pools,
          nicolae_elyvilon_temple_path, mainiacjoe_overflow_divided_tiny,
          minmay_misc_feat_room, uniq_maurice
D:10:     layout_roguey, zin_statuary, cheibrodos_worm_habitat, enter_bailey_3
Temple:   compressed_dpeg_triangle_lava_temple
Bailey:   bailey_polearm_1, bailey

Skill      XL: |  1  2  3  4  5  6  7  8  9 10 |
---------------+-------------------------------+-----
Axes           | 5 6 7 9 10 12 14 15 | 15.6
Armour         | 1 2 3 4 6 7 9 |  9.0
Invocations    | 3 5 7 |  7.4
Fighting       | 4 6 |  6.1
Dodging        | |  2.4
Stealth        | |  1.5

Action                   |  1- 3 |  4- 6 |  7- 9 | 10-12 || total
-------------------------+-------+-------+-------+-------++-------
Melee: Hand axe          |   102 |   244 |   195 |       ||   541
       Punch             |     1 |     2 |     5 |     1 ||     9
       War axe           |       |       |    29 |    92 ||   121
Throw: Boomerang         |       |       |     4 |       ||     4
Invok: Smiting           |       |       |     4 |     5 ||     9
       Recall Orcish Fol |       |       |     1 |       ||     1
Evoke: Wand              |       |       |     1 |     4 ||     5
  Use: Scroll            |     2 |     4 |     4 |     2 ||    12
       Potion            |     1 |     3 |     1 |     1 ||     6
 Stab: Sleeping          |     4 |       |       |       ||     4
       Paralysed         |       |       |     4 |     3 ||     7
       Distracted        |       |       |     1 |     1 ||     2
Armor: Robe              |    10 |       |       |       ||    10
       Scale mail        |    14 |    48 |       |       ||    62
       Plate armour      |       |    31 |    97 |    45 ||   173
       Skin              |       |    13 |       |       ||    13
Dodge: Dodged            |    64 |   136 |    82 |    62 ||   344
